 Dungeon Crawl Stone Soup version 0.18-a0-1745-gffa9a88 (webtiles) character file.

21 Geeful the Chiller (level 2, 0/25 HPs)
             Began as an Octopode Ice Elementalist on Apr 11, 2016.
             Succumbed to an adder's poison
             ... on level 1 of the Dungeon.
             The game lasted 00:02:07 (445 turns).

Geeful the Chiller (Octopode Ice Elementalist)       Turns: 445, Time: 00:02:07

Health: 0/25       AC: 21    Str:  7    XL:     2   Next: 87%
Magic:  4/5        EV:  2    Int: 17    God:
Gold:   34         SH:  0    Dex: 12    Spells: 1 memorised, 5 levels left

rFire  . . .     SeeInvis .     g - +0 hand axe
rCold  . . .     Gourm    .     (no shield)
rNeg   + + +     Faith    .     (helmet currently unavailable)
rPois  +         Spirit   .     (no amulet)
rElec  .         Dismiss  .     h - ring of resist corrosion
rCorr  +         Reflect  .     (no ring)
SustAt .         Harm     .     (no ring)
MR     .....     NoTele   +     (no ring)
Stlth  +++.......               (no ring)
                                (no ring)
                                (no ring)
                                (no ring)

@: lethally poisoned (0 -> -2), tree-form, not resistant to hostile
enchantments, fairly stealthy
A: almost no armour, (amphibious), 8 rings, (constrict 8), (camouflage 0),
(gelatinous body 0)
a: no special abilities


You were on level 1 of the Dungeon.
You were not hungry.
You were a tree.
You visited 1 branch of the dungeon, and saw 1 of its levels.

You collected 34 gold pieces.

Inventory:

Hand Weapons
 g - a +0 hand axe (weapon)
Jewellery
 h - a ring of resist corrosion (left branch)
Scrolls
 c - a scroll of identify {unknown}
 e - a scroll of blinking {unknown}
Books
 a - a book of Frost

   Spells                             Type                      Level
   a - Freeze                         Ice                          1
   b - Throw Frost                    Conjuration/Ice              2
   c - Ozocubu's Armour               Charms/Ice                   3
   d - Throw Icicle                   Conjuration/Ice              4
   e - Summon Ice Beast               Ice/Summoning                4
Comestibles
 b - a bread ration
 d - 3 fruits
 f - a beef jerky
 i - 7 chunks of flesh


   Skills:
 + Level 2.2 Dodging
 - Level 2.6 Stealth
 + Level 2.5 Spellcasting
   Level 1.0 Conjurations
 * Level 3.4 Ice Magic


You had 5 spell levels left.
You knew the following spells:

 Your Spells              Type           Power        Failure   Level  Hunger
a - Freeze                Ice            ##..         4%          1    #......


Dungeon Overview and Level Annotations

Branches:
Dungeon (1/15)

Altars:

Annotations:
D:1 exclusion: gnoll


Innate Abilities, Weirdness & Mutations

You cannot wear most types of armour.
((You are amphibious.))
You can wear up to eight rings at the same time.
((You can use your tentacles to constrict eight enemies at once.))
((Your skin changes colour to match your surroundings (Stealth).))
((Your rubbery body absorbs attacks (AC +1).))


Message History

Aiming: Freeze
Press: ? - help, Shift-Dir - straight line, f - adder
Aim: an adder You freeze the adder.
The adder seems to slow down.
The adder is heavily wounded.
* * * LOW HITPOINT WARNING * * *
You feel sick.
Casting: Freeze
Confirm with . or Enter, or press ? or * to list all spells.
Aiming: Freeze
Press: ? - help, Shift-Dir - straight line, f/p - adder
Aim: an adder (heavily wounded, slow)
You freeze the adder.
You kill the adder!
There is a lethal amount of poison in your body!
* * * LOW HITPOINT WARNING * * *
You feel sick.
* * * LOW HITPOINT WARNING * * *
You feel sick.
You die...

##.# ########.####.###.#.
##.# #...............##..
...# #.>.....#.###.#... #.##
#.......#......... #.# #####
#.......#.###.#... #.#
###...### #......÷......##..
###
##.......###.......###.###.#.
#####.........##.......# #..
# .##......8....##♣......#
##. ...##.........#####.####
.# ..####.......## #.# # (.#
###...### #.. .## ###.#### %#
#####...### ###.......##
...........# ##....8....#


There were no monsters in sight!

Vanquished Creatures
  An adder (D:1)
  A giant cockroach (D:1)
  A goblin (D:1)
  A hobgoblin (D:1)
  3 jackals (D:1)
  A ball python (D:1)
  A bat (D:1)
  A giant newt (D:1)
  A kobold (D:1)
  2 rats (D:1)
13 creatures vanquished.

Notes
Turn   | Place    | Note
--------------------------------------------------------------
     0 | D:1      | Geeful the Octopode Ice Elementalist began the quest for the Orb.
     0 | D:1      | Reached XP level 1. HP: 11/11 MP: 3/3
   306 | D:1      | Reached XP level 2. HP: 14/17 MP: 5/5
   441 | D:1      | HP: 1/25 [poisoned by an adder]
   445 | D:1      | Succumbed to an adder's poison

Vault maps used:
D:1:      dpeg_arrival_three_same_balls

Action                   || total
-------------------------++-------
Melee: Hand axe          ||    20
       Unarmed           ||     1
 Cast: Freeze            ||     2
  Use: Potion            ||     1
 Stab: Sleeping          ||     4
